 Dungeon Crawl Stone Soup version 0.28-a0-1184-g53156a8862 (webtiles) character file.

Game seed: 3182617013232332615

259 devnull the Skirmisher (level 6, -13/53 HPs)
             Began as a Ghoul Gladiator on Dec 18, 2021.
             Killed by divine providence
             ... invoked by an orc priest
              (14 damage)
             ... on level 3 of the Dungeon.
             The game lasted 00:04:13 (3131 turns).

devnull the Skirmisher (Ghoul Gladiator)            Turns: 3131, Time: 00:04:13

Health: -13/53     AC:  7    Str: 20    XL:     6   Next: 17%
Magic:  5/5        EV: 15    Int:  3    God:
Gold:   106        SH:  0    Dex: 10    Spells: 5/5 levels left

rFire   . . .      SeeInvis .   a - +0 war axe
rCold   + . .      Faith    .   (no shield)
rNeg    + + +      Spirit   .   o - +0 ring mail
rPois   ∞          Reflect  .   c - +0 helmet
rElec   .          Harm     .   (no cloak)
rCorr   .          Rampage  .   (no gloves)
Will    .....                   l - +0 pair of boots
Stlth   ..........              (no amulet)
HPRegen 0.00/turn               n - +4 ring of evasion
MPRegen 0.09/turn               (no ring)

@: inhibited regen
A: claws 1, cold resistance 1, negative energy resistance 3, inhibited
regeneration, torment resistance 2
a: no special abilities


You were on level 3 of the Dungeon.
You visited 1 branch of the dungeon, and saw 3 of its levels.

You collected 106 gold pieces.

Inventory:

Hand Weapons
 a - a +0 war axe (weapon)
Missiles
 d - a throwing net (quivered)
 s - 19 poisoned darts
Armour
 c - a +0 helmet (worn)
 l - a +0 pair of boots (worn)
 o - a +0 ring mail (worn)
 q - a +0 kite shield
Jewellery
 n - a +4 ring of evasion (left claw)
 t - a ring of fire
Scrolls
 f - 2 scrolls of identify {unknown}
 i - a scroll of fear {unknown}
 j - a scroll of silence {unknown}
 p - a scroll of amnesia {unknown}
 r - a scroll of enchant weapon {unknown}
Potions
 b - a potion of mutation {unknown}
 e - a potion of might {unknown}
 g - a potion of haste {unknown}
 h - a potion of magic
 k - 2 potions of heal wounds {unknown}
 m - a potion of invisibility {unknown}


   Skills:
 + Level 4.3 Fighting
 - Level 2.6 Axes
 + Level 3.5 Throwing
 + Level 4.1 Dodging


You had 5 spell levels left.
You didn't know any spells.
Your spell library contained the following spells:

 Spells                   Type           Power      Damage    Failure   Level
 Slow                     Hex            0%         N/A       71%         1
 Confusing Touch          Hex            0%         N/A       97%         3
 Vampiric Draining        Necr           0%         2d6       97%         3


Dungeon Overview and Level Annotations

Branches:
Dungeon (3/15)

Altars:

Shops:
D:3 *


Innate Abilities, Weirdness & Mutations

You thrive by killing the living.
You are immune to poison.
You have sharp fingernails.
Your flesh is cold resistant. (rC+)
You are immune to negative energy. (rN+++)
You do not regenerate when monsters are visible.
You are immune to unholy pain and torment.


Message History

The orc priest is lightly wounded.
The orc priest mumbles some strange prayers to Beogh against you.
Beogh smites you!
* * * LOW HITPOINT WARNING * * *
The orc priest hits you but does no damage.
You are too injured to fight recklessly!
You are too injured to fight recklessly!
You barely miss the orc priest.
The orc priest is lightly wounded.
The orc priest barely misses you.
You slash the orc priest!
The orc priest is severely wounded.
The orc priest completely misses you.
You closely miss the orc priest.
The orc priest is severely wounded.
The orc priest invokes the aid of Beogh against you.
Beogh smites you!
* * * LOW HITPOINT WARNING * * *
The orc priest misses you.
You hit the orc priest but do no damage.
The orc priest is severely wounded.
The orc priest closely misses you.
You closely miss the orc priest.
The orc priest is severely wounded.
The orc priest hits you with a +0 short sword.
* * * LOW HITPOINT WARNING * * *
You closely miss the orc priest.
The orc priest is severely wounded.
The orc priest closely misses you.
The orc priest hits you with a +0 short sword.
* * * LOW HITPOINT WARNING * * *
Throw: 2 throwing nets
Press: ? - help, Q - select action, (/) - cycle Shift-Dir - straight line, f - orc priest
Aim: an orc priest, wielding a +0 short sword and wearing a +0 ring mail (severely wounded, 63% to hit)
You throw a throwing net. The throwing net hits the orc priest.
The orc priest is caught in the net!
The orc priest is severely wounded.
The orc priest mumbles some strange prayers to Beogh against you.
Beogh smites you!
You die...

.# #####.# #.# .# #.#
#.#### .######## #.#
#....# ........# #.#
####.# #######.# #.#
#.# #.# #.######.#
#.# #........#### #.#
############.....##
#.# #...@oo.#
#......### #.#
#.#####)..##.........
#.# #.#
#.#.##......##. #.#
#.# ##...##....###.
#.#####.#
....########.
#∩......# .♣....
#.... #######.#
....... #.... ### ##
...< #####


You could see an orc priest (caught) and an orc.

Vanquished Creatures
  An ogre (D:2)
  2 orc wizards (D:3)
  A gnoll (D:2)
  3 adders (D:2)
  4 dart slugs
  8 orcs (D:3)
  5 ball pythons
  4 endoplasms
  4 giant cockroaches
  2 goblins
  6 hobgoblins
  5 jackals
  5 kobolds
  3 quokkas
  8 bats
  5 frilled lizards
  11 rats
77 creatures vanquished.

Notes
Turn   | Place    | Note
-------+----------+-------------------------------------------
     0 | D:1      | devnull the Ghoul Gladiator began the quest for the Orb.
     0 | D:1      | Reached XP level 1. HP: 17/17 MP: 0/0
   287 | D:1      | Reached XP level 2. HP: 25/25 MP: 1/1
   575 | D:1      | Reached XP level 3. HP: 30/30 MP: 2/2
   621 | D:1      | Found a faded altar of an unknown god.
   955 | D:2      | Reached XP level 4. HP: 30/38 MP: 3/3
  1245 | D:2      | Noticed an ogre
  1251 | D:2      | Killed an ogre
  1252 | D:2      | Reached XP level 5. HP: 46/46 MP: 4/4
  2482 | D:3      | HP: 2/46 [something/puff of flame (8)]
  2492 | D:3      | Reached XP level 6. HP: 2/52 MP: 5/5
  3077 | D:3      | Found Lodib's General Store.
  3129 | D:3      | HP: 2/53 [orc priest (4)]
  3131 | D:3      | Killed from afar by an orc priest

Illustrated notes

Levels and vault maps discovered:
D:1:      minmay_arrival_diagonal_passages, layout_basic,
          ebering_ecumenical_altar_mist
D:2:      layout_basic, hangedman_decor_lopped, cheibrodos_gnoll_hut
D:3:      layout_loops_ring, serial_shops, shop, grunt_decor_junction,
          grunt_ministairs_12, chequers_serial_rivers_small_b

Skill      XL: |  1  2  3  4  5 |
---------------+----------------+-----
Throwing       | 2 3 |  3.5
Dodging        | 3 4 |  4.1
Fighting       | 3 4 |  4.3
Axes           | |  2.6

Action                   |  1- 3 |  4- 6 || total
-------------------------+-------+-------++-------
Melee: War axe           |    87 |   180 ||   267
Throw: Throwing net      |       |     3 ||     3
  Use: Potion            |       |     3 ||     3
 Stab: Held in net/web   |       |     2 ||     2
Armor: Leather armour    |    48 |     2 ||    50
       Ring mail         |       |    72 ||    72
Dodge: Dodged            |    72 |   135 ||   207

Table legend: (Time is in decaauts)
 A = Elapsed time spent in this place.
 B = Non-inter-level travel time spent in this place.
 C = Inter-level travel time spent in this place.
 D = Time resting spent in this place.
 E = Time spent auto-exploring this place.
 F = Levels seen in this place.
 G = Mean time per level.
                   A        B        C        D        E       F      G
               +--------+--------+--------+--------+--------+-----+--------+
         Total |   3229 |   3183 |     46 |      0 |   2554 |   3 | 1076.3 |
       Dungeon |   3229 |   3183 |     46 |      0 |   2554 |   3 | 1076.3 |
               +--------+--------+--------+--------+--------+-----+--------+

Top non-repeatable levels by time:
     D:2: 1213 daAuts
     D:3: 1210 daAuts
     D:1: 806 daAuts
